 Dungeon Crawl Stone Soup version 0.21-a0-241-g2cbab09 (webtiles) character file.

55 tidbits the Insei (level 3, 5/27 HPs)
             Began as a Demigod Transmuter on Sept 3, 2017.
             Quit the game on level 3 of the Dungeon.
             The game lasted 00:05:49 (906 turns).

tidbits the Insei (Demigod Transmuter)               Turns: 906, Time: 00:05:50

Health: 5/27       AC:  2    Str: 13    XL:     3   Next: 45%
Magic:  17/17      EV: 25    Int: 19    God:
Gold:   45         SH:  0    Dex: 26    Spells: 0/6 levels left

rFire    + . .     SeeInvis .     - Unarmed
rCold    . . .     Gourm    .   (shield currently unavailable)
rNeg     . . .     Faith    .   (armour currently unavailable)
rPois    x         Spirit   .   (helmet currently unavailable)
rElec    .         Reflect  .   (cloak currently unavailable)
rCorr    .         Harm     .   (gloves currently unavailable)
MR       .....                  (boots currently unavailable)
Stlth    +++.......             (no amulet)
HPRegen  0.09/turn              h - ring of protection from fire
MPRegen  0.15/turn              p - ring of magical power

@: agile, lethally poisoned (5 -> -14), spider-form (expiring)
A: high mp 1
a: End Transformation


You were on level 3 of the Dungeon.
You were not hungry.
You were a venomous arachnid creature.
You visited 1 branch of the dungeon, and saw 4 of its levels.

You collected 45 gold pieces.

Inventory:

Missiles
 a - 33 arrows
 i - 38 stones (quivered)
 j - a throwing net {!f}
 o - 12 tomahawks
Armour
 b - a +0 robe (melded)
Jewellery
 h - a ring of protection from fire (left front leg)
   (You found it on level 1 of the Dungeon)
 p - a ring of magical power (right front leg)
   (You found it on level 3 of the Dungeon)
Scrolls
 e - 3 scrolls of identify {unknown}
 f - a scroll of blinking {unknown}
 g - a scroll of recharging {unknown}
 l - 2 scrolls of teleportation {unknown}
 m - a scroll of random uselessness {unknown}
 r - a scroll of fear {unknown}
 s - 2 scrolls of remove curse {unknown}
 t - a scroll of fog {unknown}
Books
 c - a book of Changes

   Spells                             Type                      Level
   a - Beastly Appendage              Transmutation                1
   b - Sticks to Snakes               Transmutation                2
   c - Spider Form                    Transmutation/Poison         3
   d - Ice Form                       Ice/Transmutation            4
   e - Blade Hands                    Transmutation                5
Comestibles
 d - 3 bread rations
 n - a meat ration
 u - a royal jelly
 v - a chunk of flesh


   Skills:
 - Level 0.8 Fighting
 - Level 1.7 Dodging
 * Level 3.6 Unarmed Combat
 - Level 2.1 Spellcasting
 + Level 2.4 Transmutations


You couldn't memorise any spells.
You knew the following spells:

 Your Spells              Type           Power        Failure   Level  Hunger
e - Beastly Appendage     Tmut           ##....       17%         1    #......
k - Sticks to Snakes      Tmut           ##......     22%         2    ##.....
p - Spider Form           Tmut/Pois      #.........   52%         3    ###....


Dungeon Overview and Level Annotations

Branches:
Dungeon (4/15)
 Temple: D:4-7


Innate Abilities, Weirdness & Mutations

You have an increased reservoir of magic. (+10% MP)


Message History

Your adder bites the adder.
The adder completely misses you.
You hit the adder.
You kill the adder!
You swap places.
Your transformation is almost over.
u - a royal jelly You see here an adder corpse.
Your transformation has ended.
Your +0 robe unmelds from your body.
Your adder withers and dies!
There is a stone staircase leading down here.
You climb downwards.
There is a stone staircase leading up here.
Found 21 stones.
Your magical contamination has completely faded away.
Found 7 tomahawks.
o - 12 tomahawks (gained 7)
Found a scroll labeled WABAFE TITEURY.
s - 2 scrolls labeled WABAFE TITEURY (gained 1)
You are feeling hungry.
Okay, then.
Found a meat ration.
An ogre comes into view. It is wielding a giant club.
The ogre shouts!
You completely miss the ogre. The ogre barely misses you.
Unknown command.
Casting: Spider Form
Confirm with . or Enter, or press ? or * to list all spells.
You miscast Sticks to Snakes.
You are very lightly contaminated with residual magic.
Nothing appears to happen.
Casting: Sticks to Snakes
Confirm with . or Enter, or press ? or * to list all spells.
You create a snake!
You now have 33 arrows.
The ogre hits you with a giant club!
You swap places.
The ogre closely misses your ball python.
Your ball python bites the ogre but does no damage.
Your ball python barely misses the ogre.
The ogre hits your ball python with a giant club!!
Your ball python dies!
Your magical contamination has completely faded away.
There is a stone staircase leading up here.
You climb upwards.
There is a stone staircase leading down here.
Okay, then.
You see here an adder corpse.
You butcher the adder corpse.
v - 2 chunks of flesh You see here an adder skeleton.
Eat one of 2 chunks of flesh? (ye/n/q)
You eat one of the 2 chunks of flesh.
This raw flesh tastes terrible.
There is a stone staircase leading down here.
A bat comes into view.
Casting: Sticks to Snakes
Confirm with . or Enter, or press ? or * to list all spells.
You turn into a venomous arachnid creature.
Your +0 robe melds into your body.
A kobold comes into view.
The bat completely misses you. The bat misses you.
The kobold shouts!
You hit the bat.
You kill the bat!
The kobold wields a blowgun.
The kobold shoots a poisoned needle.
The poisoned needle closely misses you.
The kobold shoots a poisoned needle.
The poisoned needle hits you!
You are poisoned.
You see here a poisoned needle.
You feel sick.
The kobold shoots a poisoned needle.
The poisoned needle hits you!
You are lethally poisoned!
You see here a poisoned needle.
You feel sick.
The kobold shoots a poisoned needle.
The poisoned needle misses you.
You feel very sick.
The kobold shoots a poisoned needle.
The poisoned needle barely misses you.
Your transformation is almost over.
You feel sick.
The kobold unwields an uncursed blowgun.
The kobold completely misses you.
You closely miss the kobold.
* * * LOW HITPOINT WARNING * * *
You feel sick. The kobold barely misses you.
You hit the kobold but do no damage.
* * * LOW HITPOINT WARNING * * *
You feel sick. The kobold barely misses you.
It was a potion of magic.
Magic courses through your body.
* * * LOW HITPOINT WARNING * * *
You feel sick. The kobold hits you.
* * * LOW HITPOINT WARNING * * *
It was a potion of agility.
You feel agile all of a sudden.
* * * LOW HITPOINT WARNING * * *
You feel sick. The kobold completely misses you.
You hit the kobold.
You kill the kobold!
* * * LOW HITPOINT WARNING * * *
You feel sick.
Are you sure you want to abandon this character and quit the game? (Confirm with "yes".)

###############.....#
#.#.................#
..........(.........
...................
#.#....##......# .#
..........(....##.#
.......##...(.....###
..#...##.....(......#
...........#..#.s...#
.................)..'...
#..............#....##..
...............#....#
..#...#...##....#####
..#...#...##..#.## ##.
..#......###.....###...
...................... .
#######..##..#......##..#


There were no monsters in sight!

Vanquished Creatures
  3 adders
  An ooze (D:1)
  A dart slug (D:1)
  A leopard gecko (D:3)
  A goblin (D:2)
  5 hobgoblins
  A quokka (D:3)
  6 bats
  A frilled lizard (D:2)
  3 kobolds
  2 rats
25 creatures vanquished.

Vanquished Creatures (collateral kills)
  An orc (D:3)
1 creature vanquished.

Grand Total: 26 creatures vanquished

Notes
Turn   | Place    | Note
-------+----------+-------------------------------------------
     0 | D:1      | tidbits the Demigod Transmuter began the quest for the Orb.
     0 | D:1      | Reached XP level 1. HP: 15/15 MP: 5/5
    48 | D:1      | Reached skill level 2 in Spellcasting
   173 | D:1      | Reached XP level 2. HP: 22/22 MP: 5/7
   177 | D:1      | Learned a level 2 spell: Sticks to Snakes
   214 | D:2      | Reached skill level 2 in Transmutations
   244 | D:2      | Reached skill level 3 in Unarmed Combat
   475 | D:3      | Reached XP level 3. HP: 27/27 MP: 0/8
   516 | D:3      | Learned a level 3 spell: Spider Form
   788 | D:4      | Noticed an ogre
   906 | D:3      | Quit the game

Vault maps used:
D:1:      shiori_arrival_elements
D:3:      first_bread, kennysheep_minor_cross
D:4:      serial_glass, glass_columns_a, glass_columns_a, item_on_display_a

Skill      XL: |  1  2 |
---------------+-------+-----
Spellcasting   | 2 |  2.1
Transmutations | 2 |  2.4
Unarmed Combat | 3 |  3.6
Fighting       | |  0.8
Dodging        | |  1.7

Action                   || total
-------------------------++-------
Melee: Unarmed           ||    67
       Kick              ||     6
       Headbutt          ||     5
 Cast: Beastly Appendage ||    16
       Sticks to Snakes  ||     6
       Spider Form       ||     2
  Use: Potion            ||     2
 Stab: Sleeping          ||     1
  Eat: Chunk             ||     1
Armor: Robe              ||    12
Dodge: Dodged            ||    49

Table legend:
 A = Spawn XP
 B = Non-spawn XP
 C = Spawn XP percentage of total XP
 D = Spawn monster count
 E = Non-spawn monster count
 F = Spawn count percentage of total count
 G = Total turns spent on level
                    A         B        C        D         E        F      G
               +---------+---------+-------+---------+---------+-------+---------
         Total |       2 |      77 |   2.5 |       1 |      25 |   3.8 |   906
               +---------+---------+-------+---------+---------+-------+---------
           D:1 |       0 |      15 |   0.0 |       0 |       5 |   0.0 |   196
           D:2 |       0 |      19 |   0.0 |       0 |       8 |   0.0 |   213
           D:3 |       2 |      43 |   4.4 |       1 |      12 |   7.7 |   369
               +---------+---------+-------+---------+---------+-------+---------

Table legend:
 A = Turns spent in this place as a percentage of turns spent in the entire game.
 B = Non-inter-level travel turns spent in this place as a percentage of non-inter-level travel turns spent in the entire game.
 C = Inter-level travel turns spent in this place as a percentage of turns spent in this place.
 D = Turns resting spent in this place as a percentage of non-inter-level travel turns spent in this place.
 E = Turns spent auto-exploring this place as a percentage of non-inter-level travel turns spent in this place.
 F = Non-inter-level travel turns spent in this place divided by the number of levels of this place that you've seen.
                   A       B       C       D       E      F
               +-------+-------+-------+-------+-------+----------------------
         Total | 100.0 | 100.0 |   1.5 |   0.0 |   0.0 | 223.0
       Dungeon | 100.0 | 100.0 |   1.5 |   0.0 |   0.0 | 223.0
               +-------+-------+-------+-------+-------+----------------------

Table legend:
 A = Kills in this place as a percentage of kills in entire the game.
 B = Kills by you in this place as a percentage of kills by you in the entire game.
 C = Kills by friends in this place as a percentage of kills by friends in the entire game.
 D = Other kills in this place as a percentage of other kills in the entire game.
 E = Experience gained in this place as a percentage of experience gained in the entire game.
 F = Experience gained in this place divided by the number of levels of this place that you have seen.
                   A       B       C       D       E      F
               +-------+-------+-------+-------+-------+----------------------
         Total | 100.0 | 100.0 | 100.0 |   N/A | 100.0 |  19.8
       Dungeon | 100.0 | 100.0 | 100.0 |   N/A | 100.0 |  19.8
               +-------+-------+-------+-------+-------+----------------------

Vault maps used:
D:1:      shiori_arrival_elements
D:3:      first_bread, kennysheep_minor_cross
D:4:      serial_glass, glass_columns_a, glass_columns_a, item_on_display_a
